AoeStats
← Jimmy Jay

Arena

509490148Analyzed
4v4 RM · 7d ago on Sep 27, 2026· 16m 48s· 8 players
Game mode
Random Map
Map size
Large (8 player)
Population
200
Speed
Normal
Resources
Standard
Victory
Conquest
Starting age
Dark Age
Ending age
Imperial Age
RankedLock teamsTeams togetherTeam positionsShared explorationLock speedFull tech treeHidden civsTurbo modeCheats
Victory
Defeat
🇨🇴 Italians · Colombia
1325
+7
🇦🇷 Persians · Argentina
1106
+15
🇦🇷 Cumans · Argentina
989
+18
🇦🇷 Mongols · Argentina
986
+19
🇦🇷 Muisca · Argentina
1090
-15
🇦🇷 Britons · Argentina
1084
-15
🇨🇳 Persians · China
1072
-15
🇪🇸 Vietnamese · Spain
1056
-14
Jimmy Jay
5:46 Loom
11:38 Feudal Age
12:20 Double-Bit Axe
15:39 Castle Age
13:52 Horse Collar
ImFriendly
11:42 Feudal Age
13:00 Double-Bit Axe
12:58 Horse Collar
15:43 Castle Age
prieto_matias
10:36 Feudal Age
8:53 Loom
12:10 Double-Bit Axe
16:28 Horse Collar
19:14 Castle Age
雅硬雅重
10:41 Feudal Age
14:58 Castle Age
12:47 Horse Collar
12:54 Double-Bit Axe
14:49 Loom
16:10 Bow Saw
Juan_DavidMLL
10:12 Feudal Age
10:33 Feudal Age
14:58 Castle Age
13:11 Stone Mining
13:55 Double-Bit Axe
13:52 Horse Collar
16:48 Bow Saw
Hoshigaki kisame
2:55 Loom
9:48 Feudal Age
11:04 Horse Collar
11:11 Double-Bit Axe
Renaline
8:58 Loom
11:17 Feudal Age
11:46 Double-Bit Axe
12:05 Horse Collar
15:56 Castle Age
15:48 Scale Mail Armor
15:39 Horse Collar
16:04 Pikeman
16:46 Squires
17:10 Forging
PedroAOE
8:40 Loom
10:31 Feudal Age
9:24 Loom
12:50 Wheelbarrow
14:53 Castle Age
Connection lost

Rejoining the realm…

Still unreachable

The connection could not be restored.

Session expired

The server has moved on; the page needs a fresh start.